 Dungeon Crawl Stone Soup version 0.26-a0-667-g92642533e4 (webtiles) character file.

Game seed: 17452524322587973619

267 Chiseanne the Covert (level 6, 32/32 HPs)
             Began as a Spriggan Delver on Oct 18, 2020.
             Quit the game on level 1 of the Dungeon.
             The game lasted 00:05:11 (1196 turns).

Chiseanne the Covert (Spriggan Delver)              Turns: 1196, Time: 00:05:11

Health: 32/32      AC:  4    Str:  8    XL:     6   Next: 0%
Magic:  16/16      EV: 21    Int: 12    God:
Gold:   4          SH:  0    Dex: 19    Spells: 5/5 levels left

rFire    . . .     SeeInvis +   a - +0 short sword
rCold    . . .     Faith    .   (shield restricted)
rNeg     . . .     Spirit   .   b - +0 robe
rPois    .         Reflect  .   (helmet restricted)
rElec    .         Harm     .   j - +1 cloak
rCorr    .         Rampage  .   (gloves unavailable)
MR       +....                  (boots unavailable)
Stlth    +++++.....             (no amulet)
HPRegen  0.10/turn              p - ring of magical power
MPRegen  0.15/turn              (no ring)

@: very quick
A: very small, unfitting armour, see invisible, speed 3
a: no special abilities


You were on level 1 of the Dungeon.
You visited 2 branches of the dungeon, and saw 7 of its levels.

You collected 4 gold pieces.

Inventory:

Hand Weapons
 a - a +0 short sword (weapon)
Missiles
 h - a poisoned dart (quivered)
 i - a stone
 m - 17 arrows
Armour
 b - a +0 robe (worn)
 j - a +1 cloak (worn)
Jewellery
 p - a ring of magical power (left hand)
Wands
 g - a wand of digging (3)
 k - a wand of iceblast (9)
Scrolls
 c - a scroll of fog
 d - a scroll of magic mapping
 e - a scroll of fear
Potions
 f - a potion of haste
 n - a potion of curing {unknown}


   Skills:
 - Level 2.4 Fighting
 + Level 3.9 Short Blades
 + Level 5.1 Dodging
 * Level 9.8 Stealth


You had 5 spell levels left.
You didn't know any spells.
Your spell library was empty.

Dungeon Overview and Level Annotations

Branches:
Dungeon (6/15)             Temple (1/1) D:4

Altars:
Ashenzari
Cheibriados
Dithmenos
Elyvilon
Fedhas
Hepliaklqana
Kikubaaqudgha
Makhleb
Nemelex Xobeh
Okawaru
Qazlal
Ru
Sif Muna
Trog
Uskayaw
Vehumet
Wu Jian
Xom
Yredelemnul
Zin
The Shining One

Shops:
D:4 [


Innate Abilities, Weirdness & Mutations

You are very small and have problems with some larger weapons.
You are too small for most types of armour.
You have supernaturally acute eyesight. (SInv)
You cover ground extremely quickly.


Message History

The orc closely misses you.
You hit the orc.
You kill the orc!
You have reached level 6!
Your experience leads to an increase in your attributes!
Increase (s)trength, (i)ntelligence, or (d)exterity?
You feel agile.
You see here a +0 ring mail.
There is a stone staircase leading up here.
You climb upwards.
A kobold comes into view. It is wielding a +0 short sword.
There is a stone staircase leading down here.
The helpless kobold fails to defend itself.
You stick the kobold like a pincushion!!!
You kill the kobold!
i - a stone You see here a +0 short sword.
There is a stone staircase leading down here.
There is a stone staircase leading down here.
Are you sure you want to abandon this character and quit the game? (Confirm with "yes".)

#.######>......).......
#.####.######### #.#
#.# #.# #.# #.# #.# #.#
#.# ####.####.#
#.........##
#.##@....... #
#########


There were no monsters in sight!

Vanquished Creatures
  A centaur (D:6)
  A scorpion (D:5)
  4 worker ants
  An orc wizard (D:4)
  A leopard gecko (D:4)
  8 orcs
  A ball python (D:4)
  A giant cockroach (D:4)
  A kobold (D:1)
19 creatures vanquished.

Notes
Turn   | Place    | Note
-------+----------+-------------------------------------------
     0 | D:5      | Chiseanne the Spriggan Delver began the quest for the Orb.
     0 | D:5      | Reached XP level 1. HP: 11/11 MP: 2/2
    33 | D:5      | Noticed an ice beast
    71 | D:5      | Noticed a worker ant
    78 | D:5      | Killed a worker ant
    78 | D:5      | Reached XP level 2. HP: 16/16 MP: 3/3
   127 | D:6      | Noticed a centaur
   130 | D:6      | Killed a centaur
   130 | D:6      | Reached skill level 8 in Stealth
   130 | D:6      | Reached XP level 3. HP: 17/19 MP: 4/4
   130 | D:6      | Reached XP level 4. HP: 20/23 MP: 5/5
   161 | D:6      | Reached skill level 9 in Stealth
   183 | D:6      | Reached XP level 5. HP: 27/27 MP: 6/6
   265 | D:5      | Found a shimmering altar of Xom.
   266 | D:5      | Found a shimmering altar of Xom.
   284 | D:4      | Found a staircase to the Ecumenical Temple.
   292 | Temple   | Entered the Ecumenical Temple
   633 | D:4      | Reached skill level 5 in Dodging
   636 | D:4      | Found Bosuu's Armour Boutique.
  1056 | D:2      | Reached XP level 6. HP: 20/32 MP: 7/7
  1196 | D:1      | Quit the game

Illustrated notes

Levels and vault maps discovered:
D:1:      dpeg_arrival_simpleton_a, layout_basic
D:2:      layout_loops_corners, grunt_decor_arrowhead,
          nicolae_gozag_cash_rules_everything_around_me
D:3:      layout_rooms, uniq_ijyb, uniq_natasha, uniq_robin
D:4:      layout_basic, minmay_temple_entry_statues_fountains, serial_shops,
          nicolae_shop_waterfront, saegor_snake_ambush
D:5:      layout_gridville, xom_redecorated, uniq_pikel
D:6:      cheibrodos_fertilizer, layout_gridville, minmay_misc_feat_chi
Temple:   compressed_dpeg_triangle_lava_temple

Skill      XL: |  1  2  3  4  5 |
---------------+----------------+-----
Short Blades   | 3 |  3.9
Dodging        | 4 5 |  5.1
Stealth        | 8 9 |  9.8
Fighting       | |  2.4

Action                   |  1- 3 |  4- 6 || total
-------------------------+-------+-------++-------
Melee: Short sword       |     2 |    27 ||    29
Throw: Dart              |       |    33 ||    33
       Throwing net      |       |     1 ||     1
  Use: Scroll            |       |     4 ||     4
 Stab: Sleeping          |     2 |     7 ||     9
Armor: Robe              |     2 |     1 ||     3
Dodge: Dodged            |    16 |    20 ||    36

Table legend: (Time is in decaauts)
 A = Elapsed time spent in this place.
 B = Non-inter-level travel time spent in this place.
 C = Inter-level travel time spent in this place.
 D = Time resting spent in this place.
 E = Time spent auto-exploring this place.
 F = Levels seen in this place.
 G = Mean time per level.
                   A        B        C        D        E       F      G
               +--------+--------+--------+--------+--------+-----+--------+
         Total |    904 |    904 |      0 |    344 |    158 |   7 |  129.1 |
       Dungeon |    738 |    738 |      0 |    344 |      0 |   6 |  123.0 |
        Temple |    166 |    166 |      0 |      0 |    158 |   1 |  166.0 |
               +--------+--------+--------+--------+--------+-----+--------+

Top non-repeatable levels by time:
     D:4: 417 daAuts
  Temple: 166 daAuts
     D:1: 119 daAuts
     D:5: 112 daAuts
     D:6: 71 daAuts
     D:2: 11 daAuts
     D:3: 5 daAuts
